 Dungeon Crawl Stone Soup version 0.25-b1-23-ge2ad7d536c (webtiles) character file.

Game seed: 14659903901815759122, levelgen mode: deterministic

378 MajorAdolf the Sneak (level 6, -1/51 HPs)
             Began as a Naga Wanderer on June 2, 2020.
             Was an Initiate of Gozag.
             Slain by an orc
             ... wielding a +0 hand axe
              (4 damage)
             ... on level 5 of the Dungeon.
             The game lasted 00:05:01 (4901 turns).

MajorAdolf the Sneak (Naga Wanderer)                Turns: 4901, Time: 00:05:02

Health: -1/51      AC:  3    Str: 17    XL:     6   Next: 74%
Magic:  7/7        EV: 10    Int: 14    God:    Gozag
Gold:   153        SH:  0    Dex:  8    Spells: 5/5 levels left

rFire    . . .     SeeInvis +   k - +1 dagger (venom)
rCold    . . .     Gourm    .   (no shield)
rNeg     . . .     Faith    .   d - +0 robe
rPois    +         Spirit   .   (no helmet)
rElec    .         Reflect  .   (no cloak)
rCorr    .         Harm     .   (no gloves)
MR       .....                  (no barding)
Stlth    +++.......             (no amulet)
HPRegen  0.17/turn              (no ring)
MPRegen  0.10/turn              (no ring)

@: gold aura, slowed, very slow
A: large, see invisible, deformed body, poison resistance, slowness 2, slow
metabolism 1, spit poison 1, AC +2
a: Spit Poison, Potion Petition, Call Merchant, Bribe Branch, Renounce Religion


You were on level 5 of the Dungeon.
You worshipped Gozag.
Gozag was aware of your devotion.
You were very hungry.

You visited 2 branches of the dungeon, and saw 6 of its levels.

You collected 199 gold pieces.
You paid 46 gold pieces to Gozag.

Inventory:

Hand Weapons
 a - a +2 short sword
 k - a +1 dagger of venom (weapon)
Armour
 d - a +0 robe (worn)
Jewellery
 r - a cursed ring of protection from fire {unknown}
 t - an uncursed ring of flight {unknown}
Wands
 j - a wand of disintegration (13)
Scrolls
 b - 3 scrolls of teleportation
 g - 2 scrolls of remove curse {unknown}
 i - a scroll of magic mapping {unknown}
 l - a scroll of amnesia {unknown}
 m - a scroll of blinking {unknown}
 q - a scroll of fear {unknown}
 s - a scroll of enchant weapon {unknown}
 u - a scroll of enchant armour {unknown}
 v - a scroll of identify {unknown}
Potions
 c - a potion of curing
 e - a potion of might {unknown}
 h - 2 potions of haste {unknown}
 n - a potion of flight {unknown}
 o - a potion of degeneration {unknown}
 p - 2 potions of lignification {unknown}
Comestibles
 f - 6 rations


   Skills:
 - Level 1.0 Fighting
 + Level 5.5(5.6) Short Blades
   Level 1.0(3.5) Long Blades
 - Level 2.4 Dodging
 + Level 6.4 Stealth
   Level 1.0 Shields
 + Level 2.2 Evocations


You had 5 spell levels left.
You didn't know any spells.
Your spell library was empty.

Dungeon Overview and Level Annotations

Branches:
Dungeon (5/15)             Temple (1/1) D:4

Altars:
Cheibriados
Dithmenos
Elyvilon
Fedhas
Gozag
Hepliaklqana
Kikubaaqudgha
Makhleb
Nemelex Xobeh
Ru
Sif Muna
Vehumet
Wu Jian
Xom
Yredelemnul
The Shining One

Shops:
D:4 =

Annotations:
D:3 Sigmund


Innate Abilities, Weirdness & Mutations

You cannot wear boots.
Your serpentine skin is tough. (AC +2)
You have supernaturally acute eyesight. (SInv)
Armour fits poorly on your strangely shaped body.
Your system is resistant to poisons. (rPois)
You cover ground very slowly.
You have a slow metabolism.
You can spit poison.


Message History

You kill the orc wizard!
The water moccasin closely misses you.
You closely miss the water moccasin.
The water moccasin is lightly wounded.
The orc is no longer distracted by gold.
The water moccasin bites you.
You barely miss the water moccasin.
The water moccasin is lightly wounded.
The water moccasin bites you!
* * * LOW HITPOINT WARNING * * *
The orc closely misses you. The water moccasin bites you.
* * * LOW HITPOINT WARNING * * *
Unknown command.
You hit the orc.
The orc is severely wounded.
The water moccasin bites you.
* * * LOW HITPOINT WARNING * * *
The orc hits you with a +0 hand axe.
You die...
Your body crumbles into a pile of gold.

#.##......# #.#......
+......#
#.#....####......#
#.#..<....#......#
#.#.......#......# ...
#.#..###.........##...
##'#..................
#.............S##...#
#.............@##...####.
#............o###........
#........................
###......................
####...................
#...................
#...........###o....
#...........# ....
#...........# ###


You could see a water moccasin and an orc.

Vanquished Creatures
  A scorpion (D:4)
  A hound (D:4)
  An orc wizard (D:5)
  Ijyb (D:3)
  Terence (D:3)
  2 hound skeletons (D:4)
  4 adders
  7 gnolls
  3 oozes
  2 adder skeletons (D:4)
  2 worms
  3 dart slugs
  A leopard gecko (D:1)
  An orc (D:5)
  3 ball pythons
  3 giant cockroaches
  10 goblins
  4 hobgoblins
  2 jackals (D:1)
  6 kobolds
  A ball python skeleton (D:4)
  4 bats
  5 frilled lizards
  8 rats
76 creatures vanquished.

Notes
Turn   | Place    | Note
-------+----------+-------------------------------------------
     0 | D:1      | MajorAdolf the Naga Wanderer began the quest for the Orb.
     0 | D:1      | MajorAdolf set off with the following items: a +2 short
                  | sword, a scroll of teleportation, a potion of curing, a +0
                  | robe, a ration
     0 | D:1      | Reached XP level 1. HP: 18/18 MP: 1/1
   241 | D:1      | Reached XP level 2. HP: 22/25 MP: 2/2
   709 | D:1      | Reached skill level 2 in Stealth
   711 | D:1      | Reached XP level 3. HP: 24/31 MP: 3/3
  1184 | D:1      | Found a shimmering altar of Xom.
  1372 | D:2      | Reached skill level 3 in Stealth
  1630 | D:2      | Reached XP level 4. HP: 38/38 MP: 4/4
  1991 | D:3      | Noticed Terence
  2001 | D:3      | Killed Terence
  2001 | D:3      | Reached skill level 4 in Stealth
  2254 | D:3      | Noticed Sigmund
  2500 | D:3      | Noticed Ijyb
  2514 | D:3      | Killed Ijyb
  2514 | D:3      | Reached XP level 5. HP: 18/44 MP: 5/5
  2918 | D:4      | Reached skill level 5 in Stealth
  2924 | D:3      | Reached skill level 5 in Short Blades
  3269 | D:4      | Found Oseariv's Jewellery Shoppe.
  3414 | D:4      | Reached skill level 1 in Evocations
  3674 | D:4      | HP: 2/44 [gnoll/+0 spear (6)]
  3995 | D:4      | Reached XP level 6. HP: 28/51 MP: 6/6
  4178 | D:4      | Found a staircase to the Ecumenical Temple.
  4446 | Temple   | Entered the Ecumenical Temple
  4583 | Temple   | Became a worshipper of Gozag Ym Sagoz the Greedy
  4646 | D:4      | Reached skill level 6 in Stealth
  4854 | D:5      | Entered Level 5 of the Dungeon
  4890 | D:5      | Noticed a water moccasin
  4901 | D:5      | Slain by an orc

Illustrated notes

Levels and vault maps discovered:
D:1:      dpeg_arrival_connections, layout_rooms, xom_teletrap_fun
D:2:      layout_basic, nicolae_overflow_hidden_temple, first_ration
D:3:      layout_basic, serial_forest, infiniplex_forest_clump_medium,
          infiniplex_forest_straight_2, infiniplex_forest_side_room,
          infiniplex_forest_clump_double, infiniplex_forest_corner_2,
          uniq_sigmund, uniq_ijyb, uniq_terence
D:4:      layout_basic, minmay_temple_entry_glass, serial_shops, shop, shop
D:5:      layout_basic, basic_altar
Temple:   nicolae_temple_elliptical

Skill      XL: |  1  2  3  4  5  6 |
---------------+-------------------+-----
Stealth        | 2 3 4 5 6 |  6.4
Short Blades   | 4 5 |  5.5
Evocations     | 1 2 |  2.2
Fighting       | |  1.0
Long Blades    | |  1.0
Dodging        | |  2.4
Shields        | |  1.0

Action                   |  1- 3 |  4- 6 || total
-------------------------+-------+-------++-------
Melee: Short sword       |    78 |       ||    78
       Dagger            |    22 |   160 ||   182
 Abil: Spit Poison       |       |     1 ||     1
 Stab: Sleeping          |     2 |     8 ||    10
  Eat: Chunk             |     1 |     7 ||     8
Armor: Robe              |     5 |    28 ||    33
Dodge: Dodged            |    45 |    88 ||   133
